 Dungeon Crawl Stone Soup version 0.26-a0-597-gb535b0901c (webtiles) character file.

Game seed: 16859769814125341077

162344 vurker the Warrior (level 17, -15/163 HPs)
             Began as a Minotaur Hunter on Sept 4, 2020.
             Was the Champion of Makhleb.
             Killed from afar by a nagaraja (30 damage)
             ... with a poison arrow
             ... on level 4 of the Snake Pit.
             The game lasted 00:43:16 (35142 turns).

vurker the Warrior (Minotaur Hunter)               Turns: 35142, Time: 00:43:16

Health: -15/163    AC: 24    Str: 22    XL:     17   Next: 21%
Magic:  26/26      EV:  9    Int: 11    God:    Makhleb [******]
Gold:   1466       SH: 28    Dex: 13    Spells: 16/16 levels left

rFire    + + .     SeeInvis .   b - +4 demon blade (vamp)
rCold    + . .     Faith    .   s - +2 tower shield
rNeg     . . .     Spirit   .   J - +4 plate armour {rC+}
rPois    .         Reflect  +   (helmet restricted)
rElec    +         Harm     .   f - scarf {rC+ rF+}
rCorr    .                      C - +0 pair of gloves
MR       ++...                  k - +1 pair of boots
Stlth    ..........             z - amulet of reflection
HPRegen  0.37/turn              L - ring of Niobbup {Fire rElec}
MPRegen  0.20/turn              y - ring "Elipnit" {MR+ Int+3 Stlth+}

@: lethally poisoned (-15 -> -34)
A: retaliatory headbutt, horns 2, slimy green scales 1, MP-powered wands
a: Minor Destruction, Lesser Servant of Makhleb, Major Destruction, Greater
Servant of Makhleb, Renounce Religion


You were on level 4 of the Snake Pit.
You worshipped Makhleb.
Makhleb was exalted by your worship.
You visited 5 branches of the dungeon, and saw 28 of its levels.
You also visited: Ossuary.

You collected 3002 gold pieces.
You spent 1536 gold pieces at shops.

Inventory:

Hand Weapons
 a - the +9 scimitar of the Chain {freeze, rF+ SInv}
   (You found it on level 6 of the Lair of Beasts)

   It has been specially enchanted to freeze those struck by it, causing extra
   injury to most foes and up to half again as much damage against particularly
   susceptible opponents.
   It can also slow down cold-blooded creatures.
   It protects you from fire.
   It lets you see invisible.
 b - a +4 vampiric demon blade (weapon)
   (You found it on level 9 of the Dungeon)
Missiles
 c - 12 javelins (quivered)
 d - 5 throwing nets
Armour
 f - a scarf of resistance (worn)
   (You found it on level 1 of the Dungeon)
 k - a +1 pair of boots (worn)
   (You found it on level 11 of the Dungeon)
 s - a +2 tower shield (worn)
   (You found it on level 2 of the Lair of Beasts)
 C - a +0 pair of gloves (worn)
   (You found it on level 8 of the Dungeon)
 J - a +4 plate armour of cold resistance (worn)
   (You took it off an orc warlord on level 11 of the Dungeon)
Jewellery
 y - the ring "Elipnit" (right hand) {MR+ Int+3 Stlth+}
   (You bought it in a shop on level 10 of the Dungeon)

   [ring of protection from magic]

   It affects your intelligence (+3).
   It affects your resistance to hostile enchantments.
   It makes you more stealthy.
 z - an amulet of reflection (around neck)
   (You found it on level 9 of the Dungeon)
 G - an uncursed ring of protection from cold
   (You found it on level 6 of the Lair of Beasts)
 L - the ring of Niobbup (left hand) {Fire rElec}
   (You found it on level 6 of the Lair of Beasts)

   [ring of fire]

   It enhances your fire magic.
   It protects you from fire.
   It makes you vulnerable to cold.
   It insulates you from electricity.
 P - a +4 ring of slaying
   (You found it on level 4 of the Snake Pit)
Wands
 t - a wand of flame (18)
   (You found it on level 3 of the Snake Pit)
 u - a wand of paralysis (39)
   (You found it on level 7 of the Dungeon)
 v - a wand of digging (4)
   (You found it on level 1 of the Lair of Beasts)
 x - a wand of acid (3)
   (You found it on level 4 of the Lair of Beasts)
 D - a wand of polymorph (20)
   (You found it on level 5 of the Lair of Beasts)
Scrolls
 g - 8 scrolls of immolation
 i - 9 scrolls of enchant armour
 m - 4 scrolls of fear
 n - 10 scrolls of teleportation
 q - 2 scrolls of magic mapping
 w - 2 scrolls of blinking
 A - 8 scrolls of fog
 E - 11 scrolls of remove curse
 I - 15 scrolls of identify
 K - a scroll of holy word
 M - a scroll of brand weapon
 N - a scroll of enchant weapon
 O - a scroll of summoning
Potions
 e - 3 potions of cancellation
 h - 4 potions of resistance
 j - 5 potions of haste
 l - 2 potions of invisibility
 o - 5 potions of curing
 p - 7 potions of heal wounds
 r - 2 potions of mutation
 B - 6 potions of flight
 F - 9 potions of lignification
 H - 3 potions of might


   Skills:
 * Level 18.1 Fighting
 - Level 14.0 Long Blades
   Level 5.0 Maces & Flails
 - Level 8.0 Throwing
 + Level 10.4 Armour
 + Level 9.4 Dodging
 - Level 0.7 Stealth
 * Level 16.2 Shields
 * Level 14.3 Invocations


You had 16 spell levels left.
You didn't know any spells.
Your spell library contained the following spells:

 Spells                   Type           Power        Failure   Level
 Apportation              Tloc           #.....       100%        1
 Freeze                   Ice            #...         100%        1
 Magic Dart               Conj           #...         100%        1
 Sandblast                Erth           #.....       100%        1
 Shock                    Conj/Air       #...         100%        1
 Summon Small Mammal      Summ           #...         100%        1
 Blink                    Tloc           N/A          100%        2
 Call Imp                 Summ           #.......     100%        2
 Corpse Rot               Necr/Air       N/A          100%        2
 Passwall                 Tmut/Erth      #.......     100%        2
 Slow                     Hex            #.......     100%        2
 Sublimation of Blood     Necr           #.........   100%        2
 Swiftness                Air            #.......     100%        2
 Call Canine Familiar     Summ           #.......     100%        3
 Conjure Flame            Conj/Fire      #.......     100%        3
 Frozen Ramparts          Ice            #.....       100%        3
 Gell's Gravitas          Tloc           #.........   100%        3
 Lesser Beckoning         Tloc           #.........   100%        3
 Mephitic Cloud           Conj/Pois/Air  #.......     100%        3
 Ozocubu's Armour         Ice            #.......     100%        3
 Static Discharge         Conj/Air       #.......     100%        3
 Stone Arrow              Conj/Erth      #.....       100%        3
 Summon Guardian Golem    Hex/Summ       #.......     100%        3
 Teleport Other           Tloc           #.......     100%        3
 Tukima's Dance           Hex            #.......     100%        3
 Airstrike                Air            #.........   100%        4
 Dispel Undead            Necr           #.......     100%        4
 Hailstorm                Conj/Ice       #.......     100%        4
 Passage of Golubria      Tloc           N/A          100%        4
 Petrify                  Tmut/Erth      #.......     100%        4
 Summon Ice Beast         Ice/Summ       #.......     100%        4
 Summon Lightning Spire   Summ/Air       #.......     100%        4
 Agony                    Necr           #.......     100%        5
 Alistair's Intoxication  Tmut/Pois      #........    100%        5
 Excruciating Wounds      Necr           #.........   100%        5
 Irradiate                Conj/Tmut      #.........   100%        5
 Lee's Rapid Deconstruct  Erth           #.........   100%        5
 Lightning Bolt           Conj/Air       #.........   100%        5
 Hydra Form               Tmut           #.........   100%        6
 Invisibility             Hex            #.......     100%        6
 Statue Form              Tmut/Erth      #........    100%        6
 Dragon Form              Tmut           #.........   100%        7


Dungeon Overview and Level Annotations

Branches:
Dungeon (15/15)            Temple (1/1) D:7            Lair (6/6) D:8
  Swamp (0/4) Lair:4        Snake (4/4) Lair:3        Slime (0/5) Lair:6
    Orc (2/2) D:11            Elf (0/3) Orc:2        Vaults (0/5) D:13
 Depths (0/5) D:15        Ossuary (visited)

Altars:
Ashenzari
Cheibriados
Dithmenos
Elyvilon
Fedhas
Gozag
Makhleb
Okawaru
Ru
Sif Muna
Trog
Wu Jian
Xom
Zin
The Shining One
Beogh

Shops:
D:10 =   Orc:2 :(**   Snake:2 *(}

Portals:
Pandemonium: Orc:2

Annotations:
Lair:2 1 runed translucent door, Gibetzo's ghost, journeyman GnSk
Lair:3 exclusion: 2 oklob plants
Snake:3 2 transporters, krystol's ghost, adept BaFi
Snake:4 1 runed translucent door, p0werm0de's ghost, adept MiFi


Innate Abilities, Weirdness & Mutations

You reflexively headbutt those who attack you in melee.
You have a pair of horns on your head.
You are partially covered in slimy green scales. (AC +2)
You expend magic power (3 MP) to strengthen your wands.


Message History

You are more poisoned.
* * * LOW HITPOINT WARNING * * *
The bolt of poison hits the naga!
The bolt of poison hits the guardian serpent.
You block the naga warrior's attack. The naga warrior constricts you.
You block the salamander mystic's attack.
As you read the scroll of fear, it crumbles to dust.
You assume a fearsome visage.
The mana viper resists with almost no effort.
The naga looks frightened!
The guardian serpent looks frightened!
The nagaraja resists with almost no effort.
The salamander mystic looks frightened!
The naga warrior resists with some effort.
The naga looks frightened!
The nagaraja resists with almost no effort.
You feel very sick. The nagaraja spits poison at you.
The splash of poison hits you but does no damage.
You are lethally poisoned!
The nagaraja hits you but does no damage.
You block the naga warrior's attack.
* * * LOW HITPOINT WARNING * * *
The naga warrior constricts you.
The nagaraja points at you and mumbles some strange words.
The lance of force hits you!!
* * * LOW HITPOINT WARNING * * *
You are knocked back by the lance of force.
You slam into the rock wall!
You escape the naga warrior's grasp.
As you read the scroll of blinking, it crumbles to dust.
* * * LOW HITPOINT WARNING * * *
You feel very sick.
You feel better. The nagaraja spits poison at you.
The splash of poison reflects off an invisible shield around you!
The splash of poison hits the nagaraja.
The nagaraja is poisoned.
The naga warrior spits poison at you.
The splash of poison reflects off an invisible shield around you!
The splash of poison hits the naga warrior.
The naga warrior completely resists.
You see here a ring of teleportation.
The nagaraja gestures at you while chanting.
The bolt of poison hits you but does no damage.
You are poisoned.
You feel sick.
You feel sick. The nagaraja casts a spell at you. The poison arrow hits you!!
You are lethally poisoned!
You die...

#...###................#
###...###................##
###....###..................##
................#............###
....................######.....#
..................##'.#..#....##
..................#.)....+...##
.....)..)NN.......########..##
..SN).....SN.=..@...........#
)...###########'#..####....###
....#....##.#...###+..+......##
....#.................#.......#
....#...........##'##.#.....###
....##.........##...###....##
.(..##.........#.....##...##
....#..........#.....##...#
....#..........####.'##...#


You could see a naga warrior (catching breath), 2 nagarajas and a mana viper.

Vanquished Creatures
  Vashnia (Snake:3)
  Jorgrun (Orc:1)
  Rupert (Lair:5)
  Roxanne (D:15)
  6 nagarajas
  2 orc warlords
  Nessos (Lair:5)
  6 dire elephants (Lair:6)
  A fire dragon (Lair:4)
  A yaktaur captain (D:15)
  12 naga warriors
  4 hydras
  A catoblepas (Lair:6)
  2 centaur warriors
  12 anacondas
  A death knight (D:12)
  A two-headed ogre (D:13)
  7 naga sharpshooters
  5 orc high priests (Orc:2)
  Urug (Lair:5)
  7 shock serpents
  2 gelid demonspawn (Orc:2)
  3 unseen horrors
  6 naga ritualists
  A phantasmal warrior (D:12)
  A wizard (D:13)
  6 orc knights
  A deep elf mage (D:15)
  3 manticores
  16 mana vipers
  18 ugly things
  9 orc sorcerers (Orc:2)
  9 salamanders
  A cyclops (D:14)
  12 elephants
  5 guardian serpents
  3 centaur zombies
  13 naga magi
  2 torpor snails
  32 black mambas
  2 gargoyles
  4 cane toads
  An orange demon (Orc:2)
  A smoke demon (Orc:2)
  A yaktaur (D:15)
  A kobold demonologist (D:14)
  2 rime drakes
  8 komodo dragons
  2 efreet (D:15)
  An ice devil (Orc:2)
  2 hellwings (Orc:2)
  7 trolls
  A queen bee (shapeshifter) (D:15)
  2 hornets (D:11)
  A tyrant leech (Lair:4)
  A polar bear (Lair:6)
  3 blink frogs (Lair:1)
  9 hippogriffs
  10 slime creatures
  Prince Ribbit (D:9)
  A bog body (Lair:4)
  Sigmund (D:4)
  A shadow (D:15)
  A meliai zombie (D:13)
  A yak (shapeshifter) (D:15)
  A water elemental (D:14)
  A wraith (D:11)
  30 yaks
  3 vampires
  Eustachio (D:6)
  4 wyverns
  4 basilisks
  Menkaure (Ossuary)
  2 vampire mosquitoes (D:14)
  A neqoxec (Orc:2)
  10 wargs
  4 swamp worms (Lair:4)
  45 nagas
  Edmund (D:6)
  2 soldier ants
  18 water moccasins
  9 porcupines
  An ice beast (D:13)
  A swamp drake (D:11)
  A hornet zombie (D:14)
  42 orc warriors
  3 sky beasts
  4 black bears
  4 phantoms
  2 eyes of draining (D:10)
  5 ogres
  5 centaurs
  22 wolves
  10 crocodiles
  3 big kobolds
  17 bullfrogs
  A gnoll sergeant (D:7)
  A water moccasin zombie (D:7)
  9 scorpions
  A water moccasin skeleton (D:11)
  2 howler monkeys
  6 electric eels
  3 quasits
  6 jellies
  11 hounds
  23 orc wizards
  35 orc priests
  2 bullfrog skeletons
  3 centaur skeletons
  Ijyb (D:5)
  5 iguanas
  10 worker ants
  2 hound zombies (D:7)
  3 mummies (Ossuary)
  A worker ant zombie (D:6)
  Robin (D:3)
  11 gnolls
  21 adders
  5 white imps
  An ufetubus (D:5)
  2 oozes
  2 adder skeletons (D:7)
  3 worms
  3 dart slugs
  4 leopard geckos
  101 orcs
  5 bats
  6 giant cockroaches
  6 gnoll zombies (Ossuary)
  14 goblins
  14 hobgoblins
  11 jackals
  18 kobolds
  6 quokkas
  5 ball pythons
  A frilled lizard (D:3)
  3 gnoll skeletons (Ossuary)
  4 goblin skeletons (Ossuary)
  2 goblin zombies (Ossuary)
  6 hobgoblin skeletons (Ossuary)
  5 hobgoblin zombies (Ossuary)
  A jackal skeleton (D:7)
  4 kobold skeletons (Ossuary)
  3 kobold zombies (Ossuary)
  2 leopard gecko skeletons
  3 orc skeletons (Ossuary)
  6 orc zombies (Ossuary)
  A quokka zombie (D:9)
  9 rats
  5 rat skeletons (Ossuary)
  3 rat zombies (Ossuary)
961 creatures vanquished.

Vanquished Creatures (collateral kills)
  3 hydras
  A shock serpent (Snake:3)
  A skeletal warrior (D:12)
  A torturous demonspawn (Orc:2)
  An orc sorcerer (Orc:2)
  A black mamba (Lair:3)
  A freezing wraith (D:12)
  A yak (Lair:6)
  A swamp worm (Lair:4)
  A water moccasin (Lair:3)
  An orc warrior (Orc:1)
  A wolf (Lair:2)
  An ogre (Orc:1)
  A bullfrog (Lair:5)
  2 orc wizards (Orc:1)
  2 adders (Lair:3)
  2 orcs (Orc:1)
  A ball python (Lair:3)
23 creatures vanquished.

Vanquished Creatures (others)
  2 naga magi (Snake:3)
  17 fungi
  34 plants
  5 toadstools (D:15)
58 creatures vanquished.

Grand Total: 1042 creatures vanquished

Notes
Turn   | Place    | Note
-------+----------+-------------------------------------------
     0 | D:1      | vurker the Minotaur Hunter began the quest for the Orb.
     0 | D:1      | Reached XP level 1. HP: 18/18 MP: 0/0
   356 | D:1      | Reached skill level 3 in Fighting
   356 | D:1      | Reached XP level 2. HP: 22/26 MP: 1/1
  1075 | D:1      | Found a white marble altar of Elyvilon.
  1086 | D:1      | Reached XP level 3. HP: 28/31 MP: 2/2
  1408 | D:2      | Reached skill level 4 in Fighting
  1408 | D:2      | Reached XP level 4. HP: 33/40 MP: 3/3
  1445 | D:2      | Reached skill level 5 in Throwing
  2142 | D:2      | Reached XP level 5. HP: 46/47 MP: 4/4
  2328 | D:3      | Found a roughly hewn altar of Beogh.
  2334 | D:3      | Reached skill level 5 in Fighting
  2381 | D:3      | Noticed Robin
  2430 | D:3      | Killed Robin
  2672 | D:3      | Reached XP level 6. HP: 48/56 MP: 5/5
  3061 | D:4      | Reached skill level 6 in Fighting
  3471 | D:4      | Reached skill level 1 in Armour
  3664 | D:4      | Reached XP level 7. HP: 61/64 MP: 2/6
  4121 | D:4      | Found a snail-covered altar of Cheibriados.
  4124 | D:4      | Noticed Sigmund
  4145 | D:4      | Killed Sigmund
  4555 | D:5      | Entered Level 5 of the Dungeon
  4757 | D:5      | Found a sand-covered staircase.
  4761 | Ossuary  | Entered an ossuary
  4766 | Ossuary  | Reached skill level 7 in Fighting
  5239 | Ossuary  | Noticed Menkaure
  5250 | Ossuary  | Killed Menkaure
  5250 | Ossuary  | Reached XP level 8. HP: 47/73 MP: 2/7
  5562 | D:5      | Noticed Ijyb
  5574 | D:5      | Killed Ijyb
  6362 | D:6      | Noticed Eustachio
  6377 | D:6      | Killed Eustachio
  6414 | D:6      | Noticed Edmund
  6425 | D:6      | Killed Edmund
  6425 | D:6      | Reached skill level 8 in Fighting
  6425 | D:6      | Reached skill level 5 in Dodging
  6586 | D:6      | Reached skill level 5 in Armour
  6593 | D:6      | Found a burning altar of Makhleb.
  6594 | D:6      | Noticed a green death
  6640 | D:6      | Found a glowing golden altar of the Shining One.
  6848 | D:6      | Found a white marble altar of Elyvilon.
  6848 | D:6      | Found an iron altar of Okawaru.
  6876 | D:6      | Found a snail-covered altar of Cheibriados.
  7011 | D:6      | Got a crystal flail
  7073 | D:6      | Identified the +7 flail "Desiw" {freeze, *Noise rPois Str+9
                  | Dex+3} (You found it on level 6 of the Dungeon)
  7104 | D:6      | Noticed a smoke demon
  7104 | D:6      | Noticed an orange demon
  7106 | D:6      | Became a worshipper of Makhleb the Destroyer
  7202 | D:7      | Reached XP level 9. HP: 81/82 MP: 8/8
  7254 | D:7      | Found a shadowy altar of Dithmenos.
  7255 | D:7      | Reached skill level 1 in Maces & Flails
  7263 | D:7      | Found a bloodstained altar of Trog.
  7284 | D:7      | Found a shattered altar of Ashenzari.
  7297 | D:7      | Reached skill level 1 in Invocations
  7387 | D:7      | Found an opulent altar of Gozag.
  7490 | D:7      | Reached * piety under Makhleb
  7680 | D:7      | Found a shimmering blue altar of Sif Muna.
  7778 | D:7      | Reached skill level 9 in Fighting
  7898 | D:7      | Found a staircase to the Ecumenical Temple.
  7953 | Temple   | Entered the Ecumenical Temple
  8176 | D:8      | Reached ** piety under Makhleb
  8185 | D:8      | Noticed a troll
  8187 | D:8      | Found a staircase to the Lair.
  8417 | D:7      | Found an ornate altar of the Wu Jian Council.
  8429 | D:7      | Killed a troll
  8838 | D:8      | Reached XP level 10. HP: 79/91 MP: 11/11
 10100 | D:9      | Noticed Prince Ribbit
 10132 | D:9      | Killed Prince Ribbit
 10132 | D:9      | Reached skill level 1 in Shields
 10273 | D:10     | Entered Level 10 of the Dungeon
 10275 | D:10     | Found Ahoushun's Jewellery Emporium.
 10377 | D:10     | Reached skill level 5 in Maces & Flails
 10642 | D:10     | Reached skill level 1 in Long Blades
 10735 | D:10     | Reached skill level 10 in Fighting
 11318 | D:11     | Reached skill level 5 in Invocations
 11758 | D:11     | Reached *** piety under Makhleb
 11765 | D:11     | Reached XP level 11. HP: 100/101 MP: 13/13
 11822 | D:11     | Found a staircase to the Orcish Mines.
 11992 | Lair:1   | Entered Level 1 of the Lair of Beasts
 12861 | Lair:2   | Reached skill level 5 in Shields
 13339 | Lair:2   | Found a large runed translucent door.
 13339 | Lair:2   | You fall into a shaft and drop 2 floors!
 13339 | Lair:4   | Noticed a fire dragon
 13348 | Lair:4   | Killed a fire dragon
 13348 | Lair:4   | Reached skill level 11 in Fighting
 13348 | Lair:4   | Reached skill level 5 in Long Blades
 13775 | Lair:2   | Found a large runed translucent door.
 13806 | Lair:2   | Noticed a six-headed hydra
 13820 | Lair:2   | Killed a six-headed hydra
 14494 | Lair:2   | Noticed Gibetzo's ghost (journeyman GnSk)
 14526 | Lair:3   | Reached **** piety under Makhleb
 14629 | Lair:3   | Found a staircase to the Snake Pit.
 14649 | Lair:3   | Reached XP level 12. HP: 73/112 MP: 16/16
 15269 | Lair:3   | Reached skill level 12 in Fighting
 16870 | Lair:4   | Found a staircase to the Swamp.
 17224 | Lair:5   | Reached ***** piety under Makhleb
 17247 | Lair:5   | Found an ornate altar of the Wu Jian Council.
 17303 | Lair:5   | Noticed a six-headed hydra
 17312 | Lair:5   | Killed a six-headed hydra
 17710 | Lair:5   | Noticed Urug
 17710 | Lair:5   | Noticed Nessos
 17714 | Lair:5   | Killed Nessos
 17725 | Lair:5   | Killed Urug
 17815 | Lair:5   | Noticed Rupert
 17831 | Lair:5   | Noticed an eight-headed hydra
 17839 | Lair:5   | Killed Rupert
 17839 | Lair:5   | Reached skill level 13 in Fighting
 17843 | Lair:5   | Killed an eight-headed hydra
 18299 | Lair:6   | Entered Level 6 of the Lair of Beasts
 18313 | Lair:6   | Reached XP level 13. HP: 122/122 MP: 18/18
 18418 | Lair:6   | Reached skill level 10 in Shields
 18661 | Lair:6   | Got a fine scimitar
 18662 | Lair:6   | Identified the +9 scimitar of the Chain {freeze, rF+ SInv}
                  | (You found it on level 6 of the Lair of Beasts)
 18792 | Lair:6   | Reached skill level 10 in Long Blades
 19215 | Lair:6   | Found a staircase to the Slime Pits.
 19216 | Lair:6   | Found a blossoming altar of Fedhas.
 19765 | Lair:6   | Got a pitted platinum ring
 19767 | Lair:6   | Identified the ring of Niobbup {Fire rElec} (You found it
                  | on level 6 of the Lair of Beasts)
 19804 | Lair:6   | Noticed a dire elephant
 19804 | Lair:6   | Noticed a dire elephant
 19810 | Lair:6   | Noticed a dire elephant
 19814 | Lair:6   | Killed a dire elephant
 19814 | Lair:6   | Reached skill level 10 in Invocations
 19821 | Lair:6   | Killed a dire elephant
 19821 | Lair:6   | Reached skill level 14 in Fighting
 19835 | Lair:6   | Killed a dire elephant
 20121 | Lair:6   | Found a blossoming altar of Fedhas.
 20500 | Lair:6   | Noticed a dire elephant
 20507 | Lair:6   | Noticed a dire elephant
 20512 | Lair:6   | Killed a dire elephant
 20528 | Lair:6   | Killed a dire elephant
 20777 | Lair:6   | Noticed a dire elephant
 20790 | Lair:6   | Killed a dire elephant
 20962 | Lair:6   | Found a staircase to the Slime Pits.
 21410 | Orc:1    | Entered Level 1 of the Orcish Mines
 21411 | Orc:1    | Noticed an orc warlord
 21782 | D:11     | Killed an orc warlord
 21899 | Orc:1    | Reached XP level 14. HP: 111/133 MP: 20/20
 22012 | Orc:1    | Noticed Jorgrun
 22028 | Orc:1    | Killed Jorgrun
 22714 | Orc:2    | Entered Level 2 of the Orcish Mines
 22903 | D:10     | Bought the ring "Elipnit" {MR+ Int+3 Stlth+} for 616 gold
                  | pieces
 22967 | Orc:2    | Found a staircase to the Elven Halls.
 22967 | Orc:2    | Noticed an orc warlord
 22983 | Orc:1    | Killed an orc warlord
 23435 | Orc:2    | Found Puedghy's General Store.
 23451 | Orc:2    | Found Codud's General Store.
 23620 | Orc:2    | Found a roughly hewn altar of Beogh.
 23749 | Orc:2    | Reached ****** piety under Makhleb
 23795 | Orc:2    | Reached skill level 15 in Fighting
 23869 | Orc:2    | Gained mutation: You do not regenerate when monsters are
                  | visible. [a neqoxec]
 23876 | Orc:2    | Gained mutation: You are dopey. (Int -2) [a neqoxec]
 24078 | Orc:2    | Lost mutation: You do not regenerate when monsters are
                  | visible. [potion of mutation]
 24078 | Orc:2    | Lost mutation: You are dopey. (Int -2) [potion of mutation]
 24078 | Orc:2    | Gained mutation: You are partially covered in slimy green
                  | scales. (AC +2) [potion of mutation]
 24078 | Orc:2    | Gained mutation: You expend magic power (3 MP) to
                  | strengthen your wands. [potion of mutation]
 24191 | Orc:2    | Found Meruq's Book Emporium.
 24191 | Orc:2    | Found Gaulun's Antique Weapon Shoppe.
 24192 | Orc:2    | Found a one-way gate leading to the halls of Pandemonium.
 25465 | D:13     | Reached XP level 15. HP: 141/141 MP: 22/22
 25652 | D:13     | Found a gate to the Vaults.
 27090 | D:15     | Entered Level 15 of the Dungeon
 27292 | D:15     | Identified Roxanne's Grimoire of Transmigration
 27292 | D:15     | Noticed Roxanne
 27318 | D:15     | Found a glowing silver altar of Zin.
 27554 | D:15     | Reached skill level 16 in Fighting
 27754 | D:15     | Found a staircase to the Depths.
 27961 | D:15     | Killed Roxanne
 28283 | Snake:1  | Entered Level 1 of the Snake Pit
 28608 | Snake:1  | Found a glowing silver altar of Zin.
 28718 | Snake:1  | Found an iron altar of Okawaru.
 29455 | Snake:2  | Found Nuul's Gadget Shop.
 29500 | Snake:2  | Found Luedukoo's Assorted Antiques.
 29508 | Snake:2  | Bought a scroll of brand weapon for 460 gold pieces
 29508 | Snake:2  | Bought a scroll of brand weapon for 460 gold pieces
 29767 | Snake:2  | Noticed a nagaraja
 29782 | Snake:2  | Killed a nagaraja
 29782 | Snake:2  | Reached XP level 16. HP: 152/152 MP: 24/24
 29802 | Snake:2  | Found Muiwk's Antique Weapon Emporium.
 30638 | Snake:2  | Reached skill level 17 in Fighting
 31148 | Snake:3  | Reached skill level 15 in Shields
 31501 | Snake:3  | Noticed krystol's ghost (adept BaFi)
 31508 | Snake:3  | Found a transporter.
 32039 | Snake:3  | Got a faintly glowing crystal amulet
 32051 | Snake:3  | Identified the amulet of the Three Eyes {Spirit rElec Int-5
                  | Dex+8} (You found it on level 3 of the Snake Pit)
 32617 | Snake:3  | Noticed Vashnia
 32666 | Snake:3  | Killed Vashnia
 32780 | Snake:3  | Found a transporter.
 33251 | Snake:3  | Reached skill level 10 in Armour
 33418 | Snake:4  | Entered Level 4 of the Snake Pit
 33825 | Snake:4  | Reached XP level 17. HP: 163/163 MP: 26/26
 34051 | Snake:4  | Reached skill level 18 in Fighting
 34157 | Snake:4  | Found a runed translucent door.
 34217 | Snake:4  | Found a shimmering altar of Xom.
 34217 | Snake:4  | Noticed p0werm0de's ghost (adept MiFi)
 35142 | Snake:4  | Killed from afar by a nagaraja

Illustrated notes

Levels and vault maps discovered:
D:1:      minmay_arrival_stone_box, layout_basic, kennysheep_flooded_box,
          minmay_3d_cube
D:2:      layout_loops_corners
D:3:      layout_rooms, kennysheep_orc_chapel, uniq_robin
D:4:      layout_loops_cross, cheibriados_altar_1, uniq_sigmund
D:5:      layout_basic, enter_ossuary_5, gup_sewer_entry_pipe, uniq_ijyb
D:6:      layout_basic, nicolae_overflow_crystal_walls,
          gammafunk_temple_overflow_wave, basic_altar,
          makhleb_altar_promises_db, uniq_edmund, uniq_eustachio
D:7:      cheibrodos_barr_body, layout_rooms, nicolae_overflow_hidden_temple,
          kennysheep_little_box, led_sif_pool, lightli_temple_of_fire,
          overflow_temple_1_default, minmay_temple_entry_proselytizer,
          ashenzari_altar_1
D:8:      layout_layer_cave, grunt_lair_entry_orc_guard_hut
D:9:      layout_basic, minmay_fountain_box, minivault_4, uniq_prince_ribbit1
D:10:     layout_rooms, serial_shops, shop
D:11:     layout_gridville, erik_orc_1
D:12:     layout_small_grid
D:13:     layout_basic, david_vaults_1, lemuel_another_geyser
D:14:     layout_basic, minivault_14, kennysheep_path_1, library_closet
D:15:     grunt_enter_depths_snipers, layout_basic, basic_altar,
          minmay_gold_behind_fungi, uniq_roxanne
Temple:   dshaligram_water_room_temple
Lair:1:   layout_cave_pods
Lair:2:   beast_lair_carwin_large_2, layout_small_grid,
          ebering_ghost_disaster_area, lemuel_fruit_tree, serial_bayou_shore_b
Lair:3:   layout_regular_city, minmay_snake_entry_six_corridors,
          minmay_lair_oklob_chamber
Lair:4:   dragon1_lemuel, layout_loops_ring,
          nicolae_swamp_entry_splash_gauntlet, st_stairs_12, wad_woods_river_03,
          worms_lemuel, serial_bayou_shore_b
Lair:5:   layout_roguey, basic_altar, serial_bayou_lagoon_b,
          serial_bayou_shore_a, uniq_rupert, uniq_urug, uniq_nessos
Lair:6:   due_jungle_book, layout_cave_shapes, slime_dummy,
          gauntlet_entry_generic, basic_altar, grunt_megastairs_2
Snake:1:  layout_layer_cave, drop_trap, grunt_ministairs_1, st_stairs_7,
          hangedman_feature_mirror
Snake:2:  layout_chambers, serial_shops, nicolae_shop_trees, shop, shop_statue,
          drop_trap
Snake:3:  layout_cave_town, gammafunk_ghost_arena, hangedman_snake_sidewinding,
          uniq_vashnia
Snake:4:  johnstein_snake_rune_scales, layout_cave_town, ebering_ghost_xom
Orc:1:    layout_caves, uniq_jorgrun
Orc:2:    pf_orc_diabolical, layout_caves, basic_altar, nicolae_orc_damp_corner

Skill      XL: |  1  2  3  4  5  6  7  8  9 10 11 12 13 14 15 16 17 |
---------------+----------------------------------------------------+-----
Fighting       | 3 4 5 6 7 8 9 10 11 13 14 15 16 17 18 | 18.1
Throwing       | 5 6 7 8 |  8.0
Armour         | 1 3 5 7 8 9 10 | 10.4
Dodging        | 4 5 7 8 9 |  9.4
Maces & Flails | 4 5 |  5.0
Invocations    | 3 5 7 9 10 11 13 14 | 14.3
Shields        | 4 7 9 11 13 14 15 16 | 16.2
Long Blades    | 3 6 9 11 12 14 | 14.0
Stealth        | |  0.7

Action                   |  1- 3 |  4- 6 |  7- 9 | 10-12 | 13-15 | 16-18 || total
-------------------------+-------+-------+-------+-------+-------+-------++-------
Melee: Short sword       |    49 |       |       |       |       |       ||    49
       Headbutt          |     8 |    29 |    98 |   183 |   380 |   211 ||   909
       Spear             |    14 |   112 |       |       |       |       ||   126
       Hand axe          |       |    71 |   242 |       |       |       ||   313
       Flail             |       |       |   215 |   115 |     5 |       ||   335
       Demon blade       |       |       |       |   621 |   161 |   877 ||  1659
       Scimitar          |       |       |       |       |  1271 |       ||  1271
Invok: Lesser Servant of |       |       |       |     6 |     6 |     1 ||    13
       Major Destruction |       |       |       |       |     1 |       ||     1
       Greater Servant o |       |       |       |       |     1 |       ||     1
Evoke: Wand              |       |       |       |     3 |     4 |       ||     7
  Use: Potion            |       |       |     1 |     5 |     3 |     3 ||    12
       Scroll            |       |       |    21 |    10 |    10 |     6 ||    47
 Stab: Distracted        |       |       |       |     4 |     2 |       ||     6
       Petrified         |       |       |       |       |     4 |       ||     4
Armor: Leather armour    |     6 |       |       |       |       |       ||     6
       Chain mail        |    13 |   127 |   284 |    79 |       |       ||   503
       Plate armour      |       |       |       |   220 |   271 |   205 ||   696
       Skin              |       |       |       |    40 |       |       ||    40
       Scale mail        |       |       |       |     1 |   156 |       ||   157
Dodge: Dodged            |    23 |    71 |   265 |   185 |   279 |   111 ||   934
Block: Tower shield      |       |       |       |   949 |  1694 |  1056 ||  3699
       Reflection        |       |       |       |    15 |    60 |   128 ||   203
       Other             |       |       |       |     1 |       |       ||     1
       Rpst.: Demon blade |       |       |       |    34 |    12 |    25 ||    71
       Scimitar          |       |       |       |       |    46 |       ||    46

Table legend: (Time is in decaauts)
 A = Elapsed time spent in this place.
 B = Non-inter-level travel time spent in this place.
 C = Inter-level travel time spent in this place.
 D = Time resting spent in this place.
 E = Time spent auto-exploring this place.
 F = Levels seen in this place.
 G = Mean time per level.
                   A        B        C        D        E       F      G
               +--------+--------+--------+--------+--------+-----+--------+
         Total |  35131 |  33387 |   1744 |   1699 |  25257 |  29 | 1211.4 |
       Dungeon |  15877 |  14722 |   1155 |    762 |  11128 |  15 | 1058.5 |
        Temple |      1 |      1 |      0 |      0 |      0 |   1 |    1.0 |
          Lair |   9512 |   9192 |    320 |    545 |   7218 |   6 | 1585.3 |
     Snake Pit |   6539 |   6385 |    154 |    392 |   4782 |   4 | 1634.8 |
  Orcish Mines |   2522 |   2408 |    114 |      0 |   1710 |   2 | 1261.0 |
       Ossuary |    677 |    677 |      0 |      0 |    417 |   1 |  677.0 |
               +--------+--------+--------+--------+--------+-----+--------+

Top non-repeatable levels by time:
  Lair:6: 2936 daAuts
 Snake:3: 2903 daAuts
  Lair:4: 1817 daAuts
    D:11: 1749 daAuts
 Snake:2: 1539 daAuts
  Lair:2: 1423 daAuts
     D:1: 1360 daAuts
   Orc:2: 1288 daAuts
     D:4: 1287 daAuts
     D:7: 1260 daAuts
     D:8: 1252 daAuts
  Lair:3: 1246 daAuts
   Orc:1: 1234 daAuts
  Lair:5: 1198 daAuts
 Snake:1: 1131 daAuts
